 Dungeon Crawl Stone Soup version 0.29-a0-872-g797fff5ad1 (webtiles) character file.

Game seed: 16400855587905636145

58 mcwallace the Digger (level 3, -7/33 HPs)
             Began as a Troll Earth Elementalist on July 18, 2022.
             Blown up by Ijyb (19 damage)
             ... with a mindburst bolt
             ... on level 3 of the Dungeon.
             The game lasted 00:03:17 (2247 turns).

mcwallace the Digger (Troll Earth Elementalist)     Turns: 2247, Time: 00:03:17

Health: -7/33      AC: 15    Str: 11    XL:     3   Next: 76%
Magic:  4/4        EV: 10    Int: 13    God:
Gold:   210        SH:  0    Dex: 13    Spells: 4/5 levels left

rFire   . . .      SeeInvis .   t - +4 hand axe of Law {protect, Str-5 Dex+3, axe}
rCold   . . .      Faith    .   (no shield)
rNeg    + . .      Spirit   .   a - +0 robe
rPois   .          Reflect  .   (helmet restricted)
rElec   .          Harm     .   (no cloak)
rCorr   .          Rampage  .   (gloves unavailable)
Will    .....                   (boots unavailable)
Stlth   ++........              (no amulet)
HPRegen 0.91/turn               w - ring of positive energy
MPRegen 0.09/turn               C - +4 ring of protection

@: under a protective aura
A: large, unfitting armour, claws 3, regeneration 1, shaggy fur 1, tough skin 1
a: no special abilities


You were on level 3 of the Dungeon.
You visited 1 branch of the dungeon, and saw 3 of its levels.

You collected 210 gold pieces.


Innate Abilities, Weirdness & Mutations

You are too large for most types of armour.
You have claws for hands.
Your natural rate of healing is unusually fast.
You are covered in fur. (AC +1)
You have tough skin. (AC +1)


   Skills:
 + Level 1.0 Fighting
 + Level 2.0 Dodging
 - Level 1.0 Stealth
 + Level 1.5 Spellcasting
 + Level 1.2 Transmutations
 + Level 3.1 Earth Magic


You had 4 spell levels left.
You knew the following spells:

 Your Spells              Type           Power      Damage    Failure   Level
a - Sandblast             Erth           18%        2d7       8%          1

Your spell library contained the following spells:

 Spells                   Type           Power      Damage    Failure   Level
 Passwall                 Tmut/Erth      5%         N/A       16%         2
 Stone Arrow              Conj/Erth      10%        3d7       38%         3
 Petrify                  Tmut/Erth      6%         N/A       71%         4

Inventory:

Hand Weapons
 d - a +0 club {mace}
   (You took it off a goblin on level 1 of the Dungeon)
 h - a +0 club {mace}
   (You took it off a goblin on level 1 of the Dungeon)
 j - a +0 dagger {short}
   (You took it off a kobold on level 1 of the Dungeon)
 n - a +0 club {mace}
   (You took it off a kobold on level 1 of the Dungeon)
 o - a +0 club {mace}
   (You took it off a goblin on level 1 of the Dungeon)
 r - a +0 short sword {short}
   (You took it off a kobold on level 2 of the Dungeon)
 t - the +4 hand axe of Law (weapon) {protect, Str-5 Dex+3, axe}
   (You found it on level 2 of the Dungeon)

   It grants its wielder temporary protection when it strikes (+7 to AC).
   Str:       It affects your strength (-5).
   Dex:       It affects your dexterity (+3).
Missiles
 c - 34 stones {throwing}
 p - 6 poisoned darts {throwing}
Armour
 a - a +0 robe (worn)
 f - a +0 robe
   (You found it on level 1 of the Dungeon)
 B - a +0 robe
   (You found it on level 3 of the Dungeon)
Magical Staves
 v - a staff of fire {!astaff}
   (You found it on level 2 of the Dungeon)
Jewellery
 w - a ring of positive energy (left claw)
   (You found it on level 2 of the Dungeon)
 x - a ring of ice
   (You found it on level 3 of the Dungeon)
 C - a +4 ring of protection (right claw)
   (You found it on level 3 of the Dungeon)
Scrolls
 g - 3 scrolls of teleportation {@r4}
 k - a scroll of identify {@r1}
 m - a scroll of immolation {unknown}
 s - 3 scrolls of blinking {!r}
 u - a scroll of amnesia {unknown}
 y - a scroll of magic mapping {unknown}
 D - a scroll of poison {unknown}
Potions
 b - 2 potions of magic
 e - 2 potions of might {unknown}
 i - a potion of ambrosia {unknown}
 l - 3 potions of curing {@q1}
 q - a potion of brilliance {unknown}
 z - 2 potions of resistance {unknown}
 A - a potion of flight {unknown}

Dungeon Overview and Level Annotations

Branches:
Dungeon (3/15) Zot: 15738

Altars:

Annotations:
D:3 Ijyb

...######.##..#...#..##)......'..
..............#.).#..#..8######..
...######.#...#'######..##....#..
##.######.#...#..##..##+##.......
##.#..........#..........#....#..
...#..........#..........#.......
####..........############....#..
# ##........#..g....##.....#.....
# #.............@######......#.##
###.........#..##........##..#.#
.#.......................##..#.#
...#.......#...............<...#
#.##.......#............###.##.##
...........#............# #.##..#
.###......##.....###.#.## ####...
...............#.###.#.# #...
#.........##...#..[#.#.### #...


You could see Ijyb.


Message History

Your weapon exudes an aura of protection.
The endoplasm closely misses you. 😕 HP[+1]
You slash the endoplasm!
You kill the endoplasm!
Your Fighting skill increases to level 1! 😕 HP[+2]
You now have 33 max hp (+1).
You regained 2 hp, and now have 30/33 hp. 😕 HP[+1] 😕 HP[+1]
A kobold is nearby!
A kobold is nearby!
The kobold closely misses you. 😎 HP[+1]
Your hp is fully restored (33).
You slash the kobold!
You kill the kobold!
No target in view!
No target in view!
No target in view!
c - 34 stones {throwing} (gained 4)
Things that are here:
a +0 dagger {short}; a kobold corpse You open the door.
There is an open door here.
z - 2 black potions (gained 1) Key pressed, stopping explore.
You see here a +0 war axe of electrocution {axe}.
Found a stone staircase leading up.
An endoplasm comes into view.
The endoplasm quivers.
Found a stone staircase leading down.
The endoplasm closely misses you.
You slash the endoplasm!
Your weapon exudes an aura of protection.
You kill the endoplasm!
No target in view!
No target in view!
No target in view!
You see here a +0 war axe of electrocution {axe}.
There is a stone staircase leading up here.
Done exploring.
Done exploring.
Done exploring.
There is an open door here.
There is an open door here.
You see here a +0 leather armour.
You see here a +0 leather armour.
Ijyb is nearby!
What are your orders? t - Shout!
Orders for allies: a - Attack new target. r - Retreat! s - Stop attacking. g - Guard the area. f - Follow me.
Anything else - Cancel.
You shout for attention!
You hear a shout!
Ijyb zaps a wand.
You barely resist.
Ijyb zaps a wand.
Your mind is blasted! 😕 HP[-5]
You take 5 damage, and now have 28/33 hp.
Ijyb zaps a wand.
Your mind is blasted! 😮 HP[-6]
You take 6 damage, and now have 22/33 hp.
You barely miss Ijyb.
Ijyb zaps a wand.
Your mind is blasted!
* * * LOW HITPOINT WARNING * * *
You closely miss Ijyb. You claw Ijyb. Ijyb barely misses you.
Ijyb closely misses you. 😮 HP[-5]
You take 5 damage, and now have 17/33 hp.
You hit Ijyb.
Your weapon exudes an aura of protection.
Ijyb screams, "I dance on your bones!" Ijyb closely misses you. 😮 HP[+2]
You regained 2 hp, and now have 19/33 hp.
You closely miss Ijyb.
Ijyb hits you but does no damage. 😮 HP[+1]
You hit Ijyb.
Ijyb hits you but does no damage. x2 😮 HP[+1]
You hit Ijyb.
Ijyb hits you with a +0 dagger. 😮 HP[-1]
You take 1 damage, and now have 20/33 hp.
You barely miss Ijyb.
Ijyb hits you but does no damage. 😮 HP[+1]
You completely miss Ijyb.
Ijyb hits you but does no damage. 😮 HP[+1]
You slash Ijyb!
Ijyb zaps a wand.
Your mind is blasted!
* * * LOW HITPOINT WARNING * * *
Ijyb zaps a wand.
Your mind is blasted!
Ouch! That really hurt!
You die...

Skill      XL: |  1  2  3 |
---------------+----------+-----
Transmutations | 1 |  1.2
Earth Magic    | 3 |  3.1
Dodging        | 2 |  2.0
Fighting       | 1 |  1.0
Stealth        | |  1.0
Spellcasting   | |  1.5

Action                   || total
-------------------------++-------
Melee: Unarmed           ||    73
       Punch             ||     3
       Hand axe          ||    52
  Use: Scroll            ||     3
 Stab: Sleeping          ||     6
       Distracted        ||     1
Armor: Robe              ||    53
Dodge: Dodged            ||    63

Levels and vault maps discovered:
D:1:      ebering_hopf_link, layout_basic, ebering_ecumenical_altar_abandoned
D:2:      layout_basic, minmay_tree_intersection, st_stairs_13
D:3:      minmay_chambers_of_twos, layout_rooms, minmay_misc_feat_encased,
          kennysheep_generic_room_5, uniq_ijyb

Notes
Turn   | Place    | Note
-------+----------+-------------------------------------------
     0 | D:1      | mcwallace the Troll Earth Elementalist began the quest for
                  | the Orb.
     0 | D:1      | Reached XP level 1. HP: 16/16 MP: 1/1
     0 | D:1      | magus.rc [v1.9.6]
    76 | D:1      | Reached XP level 2. HP: 24/24 MP: 3/3
   315 | D:1      | Found a faded altar of an unknown god.
   319 | D:1      | Reached skill level 1 in Transmutations
   514 | D:1      | Reached skill level 3 in Earth Magic
   514 | D:1      | Reached XP level 3. HP: 30/32 MP: 4/4
   955 | D:2      | Identified the +4 hand axe of Law {protect, Str-5 Dex+3}
  1424 | D:2      | Reached skill level 2 in Dodging
  1938 | D:3      | Noticed Ijyb
  2028 | D:3      | Reached skill level 1 in Fighting
  2247 | D:3      | Blown up by Ijyb

Vanquished Creatures
  A worm (D:3)
  2 dart slugs (D:1)
  An orc (D:3)
  2 ball pythons
  9 endoplasms
  3 giant cockroaches
  6 kobolds
  5 quokkas
  8 bats
  3 frilled lizards
  5 goblins
  A rat (D:1)
46 creatures vanquished.

Table legend:
 A = Non-vault XP
 B = Vault XP
 C = Vault XP percentage of total XP
 D = Non-vault monster count
 E = Vault monster count
 F = Vault count percentage of total count
                 A         B        C        D         E       F
            +---------+---------+-------+---------+---------+-------
      Total |      62 |      22 |  26.2 |      35 |      11 |  23.9
            +---------+---------+-------+---------+---------+-------
        D:1 |      41 |       0 |   0.0 |      22 |       0 |   0.0
        D:2 |      12 |       2 |  14.3 |       8 |       1 |  11.1
        D:3 |       9 |      20 |  69.0 |       5 |      10 |  66.7
            +---------+---------+-------+---------+---------+-------

Illustrated notes

Table legend:
 A = Kills in this place as a percentage of kills in entire the game.
 B = Kills by you in this place as a percentage of kills by you in the entire game.
 C = Kills by friends in this place as a percentage of kills by friends in the entire game.
 D = Other kills in this place as a percentage of other kills in the entire game.
 E = Experience gained in this place as a percentage of experience gained in the entire game.
 F = Experience gained in this place divided by the number of levels of this place that you have seen.
                   A       B       C       D       E      F
               +-------+-------+-------+-------+-------+----------------------
         Total | 100.0 | 100.0 |   N/A |   N/A | 100.0 |  28.0
       Dungeon | 100.0 | 100.0 |   N/A |   N/A | 100.0 |  28.0
               +-------+-------+-------+-------+-------+----------------------

Table legend: (Time is in decaauts)
 A = Elapsed time spent in this place.
 B = Non-inter-level travel time spent in this place.
 C = Inter-level travel time spent in this place.
 D = Time resting spent in this place.
 E = Time spent auto-exploring this place.
 F = Levels seen in this place.
 G = Mean time per level.
                   A        B        C        D        E       F      G
               +--------+--------+--------+--------+--------+-----+--------+
         Total |   2260 |   1949 |    311 |      0 |   1595 |   3 |  753.3 |
       Dungeon |   2260 |   1949 |    311 |      0 |   1595 |   3 |  753.3 |
               +--------+--------+--------+--------+--------+-----+--------+

Top non-repeatable levels by time:
     D:1: 822 daAuts
     D:3: 730 daAuts
     D:2: 707 daAuts
